 Seeded DCSS version 0.29.1-13-g9f3cf754e1 (webtiles) character file.

Game seed: 20230211 (custom seed)

57 ueste the Caller (level 4, 0/30 HPs)
             Began as a Merfolk Summoner on Feb 11, 2023.
             Slain by Sigmund
             ... wielding a +0 scythe
              (10 damage)
             ... on level 3 of the Dungeon.
             The game lasted 00:41:21 (2639 turns).

ueste the Caller (Merfolk Summoner)                 Turns: 2639, Time: 00:41:22

Health: 0/30       AC:  3    Str:  8    XL:     4   Next: 0%
Magic:  2/7        EV: 13    Int: 22    God:
Gold:   119        SH:  0    Dex: 14    Spells: 1/8 levels left

rFire   . . .      SeeInvis .   q - +1 short sword (drain)
rCold   . . .      Faith    .   (no shield)
rNeg    . . .      Spirit   .   u - +0 robe
rPois   .          Reflect  .   (no helmet)
rElec   .          Harm     .   n - scarf {repulsion}
rCorr   .          Rampage  .   l - +0 pair of gloves
Will    .....                   (no boots)
Stlth   ++........              (no amulet)
HPRegen 0.10/turn               r - +6 ring of intelligence
MPRegen 0.10/turn               (no ring)

@: repel missiles
A: (nimble swimmer 2), mertail
a: no special abilities


You were on level 3 of the Dungeon.
You visited 1 branch of the dungeon, and saw 3 of its levels.

You collected 119 gold pieces.

Inventory:

Hand Weapons
 f - a +0 dagger
 o - a +0 shortbow
 q - a +1 short sword of draining (weapon)
 w - a +1 vorpal hand axe
Missiles
 g - 33 stones
 p - 5 silver javelins
Armour
 l - a +0 pair of gloves (worn)
 n - a scarf of repulsion (worn)
 u - a +0 robe (worn)
Jewellery
 r - a +6 ring of intelligence (left hand)
Scrolls
 d - a scroll of teleportation {unknown}
 e - a scroll of acquirement {unknown}
 h - 4 scrolls of identify {unknown}
 i - a scroll of enchant armour {unknown}
 t - a scroll of noise {unknown}
Potions
 a - a potion of mutation {unknown}
 b - a potion of magic
 c - 2 potions of haste {unknown}
 j - a potion of berserk rage {unknown}
 k - a potion of curing
 m - a potion of brilliance {unknown}
 s - a potion of might {unknown}
 v - a potion of flight {unknown}


   Skills:
 + Level 0.8 Short Blades
 + Level 0.4 Armour
 + Level 3.2 Dodging
 + Level 2.8 Stealth
 * Level 2.6 Spellcasting
 * Level 4.4 Summonings


You had one spell level left.
You knew the following spells:

 Your Spells              Type           Power      Damage    Failure   Level
a - Summon Small Mammal   Summ           88%        N/A       2%          1
b - Beastly Appendage     Tmut           4%         N/A       13%         1
c - Call Imp              Summ           22%        N/A       3%          2
d - Call Canine Familiar  Summ           22%        N/A       6%          3

Your spell library contained the following spells:

 Spells                   Type           Power      Damage    Failure   Level
 Summon Guardian Golem    Hex/Summ       12%        N/A       16%         3
 Wereblood                Tmut           2%         N/A       21%         2
 Spider Form              Tmut/Pois      2%         N/A       36%         3
 Summon Lightning Spire   Summ/Air       12%        N/A       45%         4


Dungeon Overview and Level Annotations

Branches:
Dungeon (3/15)

Altars:

Shops:
D:1 [

Annotations:
D:3 Sigmund


Innate Abilities, Weirdness & Mutations

((You are very nimble when in or above water. (Stealth+, EV+, Speed+++)))
Your lower body shifts to a powerful aquatic tail in water.


Message History

You hear some strange, mumbled words.
You are confused.
Your quokka bites the endoplasm but does no damage.
The endoplasm hits your bat.
Your bat dies!
Your bat's corpse disappears in a puff of smoke!
Are you sure you want to stumble around while confused and next to your white imp?
Your quokka bites the endoplasm.
You hear some strange, mumbled words.
A puff of flame appears from out of thin air!
The puff of flame misses you. The puff of flame hits your white imp!
Your white imp is burned terribly!
The endoplasm barely misses your quokka.
You're too confused to cast spells.
Sorry, you're not good enough to have a special ability.
Are you sure you want to stumble around while confused and next to your white imp?
Your quokka bites the endoplasm.
You hear some strange, mumbled words.
You are more confused.
The endoplasm hits your quokka.
Are you sure you want to stumble around while confused and next to your white imp?
You hit your white imp.
You kill your white imp!
Your white imp disappears in a puff of smoke!
Your quokka bites the endoplasm.
The endoplasm dies!
You have reached level 4!
You bump into the rock wall.
You hear some strange, mumbled words.
Something tries to affect you, but you resist.
Your quokka bites the endoplasm.
The endoplasm attacks as you move away! The endoplasm barely misses you.
Something hits you!!
Ouch! That really hurt!
* * * LOW HITPOINT WARNING * * *
It was a potion of curing.
You feel better.
Your quokka closely misses something.
The endoplasm freezes you.
You are frozen.
Something hits you!
You die...

#.#....[....## ....
#..........## ....
#........# #.. #####.####
# #.†# #.######
##.##..#### #......#
.!..=$....#### ##.....#
...........r.#######.....#
#.....{J@..........#
#####.########.....# ###
#.....# #.....# #..>..#
#######


You could see an endoplasm (ally target) and a friendly quokka (summoned).

Vanquished Creatures
  2 ball pythons (D:1)
  A bat (D:1)
  2 hobgoblins (D:1)
5 creatures vanquished.

Vanquished Creatures (collateral kills)
  An adder (D:2)
  3 bats
  5 endoplasms
  3 giant cockroaches
  6 goblins
  5 hobgoblins
  4 ball pythons
  3 frilled lizards
  6 kobolds
  2 rats (D:1)
38 creatures vanquished.

Vanquished Creatures (others)
  A plant (D:2)
1 creature vanquished.

Grand Total: 44 creatures vanquished

Notes
Turn   | Place    | Note
-------+----------+-------------------------------------------
     0 | D:1      | ueste the Merfolk Summoner began the quest for the Orb.
     0 | D:1      | Reached XP level 1. HP: 13/13 MP: 3/3
   125 | D:1      | Learned a level 1 spell: Beastly Appendage
   128 | D:1      | Found Zoqeb's Antique Armour Boutique.
   342 | D:1      | Reached XP level 2. HP: 19/19 MP: 1/5
   345 | D:1      | Learned a level 2 spell: Call Imp
   988 | D:1      | Found a faded altar of an unknown god.
  1137 | D:1      | Reached XP level 3. HP: 23/24 MP: 0/6
  2615 | D:3      | Learned a level 3 spell: Call Canine Familiar
  2616 | D:3      | Noticed Sigmund
  2637 | D:3      | Reached XP level 4. HP: 20/30 MP: 2/7
  2639 | D:3      | Slain by Sigmund

Illustrated notes

Levels and vault maps discovered:
D:1:      reono_arrival_mine, layout_basic, basic_ecumenical_altar,
          serial_shops, nicolae_lakefront_shop, minmay_split_cup_large
D:2:      layout_rooms, serial_bayou_lagoon_a, minmay_tall_x
D:3:      layout_rooms, amethyst_killhole, uniq_grinder, uniq_sigmund

Skill      XL: |  1 |
---------------+----+-----
Dodging        | 3 |  3.2
Short Blades   | |  0.8
Armour         | |  0.4
Stealth        | |  2.8
Spellcasting   | |  2.6
Summonings     | |  4.4

Action                   |  1- 3 |  4- 6 || total
-------------------------+-------+-------++-------
Melee: Dagger            |    20 |       ||    20
       Short sword       |     1 |       ||     1
       Punch             |     1 |       ||     1
 Cast: Summon Small Mamm |    75 |       ||    75
       Call Imp          |    46 |       ||    46
  Use: Potion            |       |     1 ||     1
Armor: Robe              |     3 |       ||     3
Dodge: Dodged            |    14 |     1 ||    15
